 Dungeon Crawl Stone Soup version 0.27-a0-1278-g6cbc8dfb29 (webtiles) character file.

Game seed: 9193025547992728055

51 deletemesenpai the Skirmisher (level 3, -1/33 HPs)
             Began as a Hill Orc Fighter on June 12, 2021.
             Slain by an adder (4 damage)
             ... on level 2 of the Dungeon.
             The game lasted 00:03:03 (1612 turns).

deletemesenpai the Skirmisher (Hill Orc Fighter)    Turns: 1612, Time: 00:03:04

Health: -1/33      AC:  9    Str: 18    XL:     3   Next: 81%
Magic:  3/3        EV:  5    Int:  8    God:
Gold:   63         SH:  9    Dex: 11    Spells: 2/2 levels left

rFire    + . .     SeeInvis .   i - +3 spear
rCold    + . .     Faith    .   c - +0 kite shield
rNeg     + . .     Spirit   .   l - +0 chain mail
rPois    +         Reflect  .   (no helmet)
rElec    +         Harm     .   (no cloak)
rCorr    +         Rampage  .   (no gloves)
Will     .....                  (no boots)
Stlth    ..........             (no amulet)
HPRegen  0.11/turn              k - ring of positive energy
MPRegen  0.08/turn              (no ring)

@: mighty, resistant, flying
A: no striking features
a: no special abilities


You were on level 2 of the Dungeon.
You visited 1 branch of the dungeon, and saw 2 of its levels.

You collected 63 gold pieces.

Inventory:

Hand Weapons
 a - a +0 war axe
 i - a +3 spear (weapon)
Armour
 c - a +0 kite shield (worn)
 l - a +0 chain mail (worn)
Jewellery
 k - a ring of positive energy (left hand)
Scrolls
 b - a scroll of silence {unknown}
 f - a scroll of enchant armour {unknown}
 g - a scroll of teleportation {unknown}
 j - a scroll of identify {unknown}


   Skills:
 + Level 4.0 Fighting
 * Level 3.8(3.9) Axes
 + Level 0.1(1.9) Polearms
 + Level 3.6 Armour
 * Level 3.9 Shields


You had 2 spell levels left.
You didn't know any spells.
Your spell library was empty.

Dungeon Overview and Level Annotations

Branches:
Dungeon (2/15)

Altars:


Message History

The adder poisons you! The adder bites you but does no damage.
A hobgoblin comes into view.
You feel a little less mighty now.
You feel sick.
The hobgoblin shouts!
You block the adder's attack.
You miss the adder.
You feel sick. The adder bites you but does no damage.
The adder completely misses you. The adder bites you but does no damage.
You feel sick.
You closely miss the adder.
You feel sick.
You are no longer poisoned.
The adder bites you but does no damage. The adder barely misses you.
The adder bites you but does no damage.
The hobgoblin hits you but does no damage.
The adder bites you but does no damage.
It was a potion of resistance.
You feel protected. You block the hobgoblin's attack.
The adder bites you but does no damage.
You hit the adder.
The adder is heavily wounded.
The adder bites you.
* * * LOW HITPOINT WARNING * * *
The adder bites you but does no damage. You block the hobgoblin's attack.
You block the adder's attack. The adder bites you but does no damage.
You miss the adder.
The adder is heavily wounded.
The hobgoblin hits you but does no damage.
You block the adder's attack. The adder bites you.
* * * LOW HITPOINT WARNING * * *
You block the hobgoblin's attack.
It was a potion of flight.
You feel very buoyant.
You fly up into the air.
You block the adder's attack. The adder bites you but does no damage.
You block the adder's attack. x2
The hobgoblin barely misses you.
Found a stone staircase leading down.
You feel very mighty all of a sudden.
The adder bites you but does no damage. x2; You block the hobgoblin's attack.
The adder bites you.
You die...

.....#.#......# #....#.....# #
.....#.#......###....#)....### #
.....#.#........#....#.........
.
..)..#.#........................
.......#......[.................
########................[#......
'...†....................#....).
#.......#.......Sg..##.#+#######
#.......#.......@S..##...
#.......#......####..#.....
................. ...#.....
...........###.........#+##
..####.....# .......... ..#
#...... ........... .>..


You could see 2 adders and a hobgoblin.

Vanquished Creatures
  An adder (D:2)
  2 worms (D:2)
  3 endoplasms
  A giant cockroach (D:1)
  3 goblins
  4 hobgoblins
  9 jackals (D:1)
  2 quokkas
  A ball python (D:2)
  A frilled lizard (D:2)
  A kobold (D:1)
  4 rats
32 creatures vanquished.

Notes
Turn   | Place    | Note
-------+----------+-------------------------------------------
     0 | D:1      | deletemesenpai the Hill Orc Fighter began the quest for the
                  | Orb.
     0 | D:1      | Reached XP level 1. HP: 19/19 MP: 1/1
   386 | D:1      | Reached XP level 2. HP: 23/27 MP: 2/2
   699 | D:1      | Reached XP level 3. HP: 25/33 MP: 3/3
  1403 | D:2      | Reached skill level 4 in Fighting
  1517 | D:2      | Found a faded altar of an unknown god.
  1612 | D:2      | Slain by an adder

Illustrated notes

Levels and vault maps discovered:
D:1:      amcnicky_arrival_feature_with_door, layout_basic
D:2:      layout_basic, basic_ecumenical_altar

Skill      XL: |  1  2  3 |
---------------+----------+-----
Axes           | 3 |  3.8
Fighting       | 4 |  4.0
Polearms       | |  0.1
Armour         | |  3.6
Shields        | |  3.9

Action                   || total
-------------------------++-------
Melee: War axe           ||    58
       Spear             ||    40
  Use: Potion            ||     4
Armor: Scale mail        ||    38
       Chain mail        ||    25
Dodge: Dodged            ||    36
Block: Kite shield       ||    79

Table legend: (Time is in decaauts)
 A = Elapsed time spent in this place.
 B = Non-inter-level travel time spent in this place.
 C = Inter-level travel time spent in this place.
 D = Time resting spent in this place.
 E = Time spent auto-exploring this place.
 F = Levels seen in this place.
 G = Mean time per level.
                   A        B        C        D        E       F      G
               +--------+--------+--------+--------+--------+-----+--------+
         Total |   1654 |   1633 |     21 |      0 |   1277 |   2 |  827.0 |
       Dungeon |   1654 |   1633 |     21 |      0 |   1277 |   2 |  827.0 |
               +--------+--------+--------+--------+--------+-----+--------+

Top non-repeatable levels by time:
     D:1: 1423 daAuts
     D:2: 230 daAuts
